 Dungeon Crawl Stone Soup version 0.30-a0-365-ge7f957f1db (webtiles) character file.

Game seed: 10368948756077698064

11163 hikkokomori the Blocker (level 11, 0/89 HPs)
             Began as a Gnoll Fighter on Nov 17, 2022.
             Was a Priest of Makhleb.
             Slain by a minotaur (1 damage)
             ... in a Gauntlet.
             The game lasted 00:25:58 (11961 turns).

hikkokomori the Blocker (Gnoll Fighter)            Turns: 11961, Time: 00:25:59

Health: 0/89       AC: 15    Str: 18    XL:     11   Next: 73%
Magic:  21/21      EV: 12    Int: 10    God:    Makhleb [***...]
Gold:   527        SH: 12    Dex: 11    Spells: 23/23 levels left

rFire   + . .      SeeInvis .    w - +8 hammer of Karma {vorpal, *Slow rF+ rC+ rCorr}
rCold   + . .      Faith    .    c - +1 buckler
rNeg    . . .      Spirit   .    T - +0 swamp dragon scales
rPois   +          Reflect  +    (no helmet)
rElec   .          Harm     .    x - +0 cloak
rCorr   +          Rampage  .    (no gloves)
Will    .....      NoTele   +    (no boots)
Stlth   +++.......               F - amulet of reflection
HPRegen 0.34/turn                y - +4 ring of protection
MPRegen 0.17/turn                (no ring)

@: slowed, very slow
A: fangs 1, strong nose, distributed training
a: Renounce Religion, Minor Destruction, Lesser Servant of Makhleb


You were in a Gauntlet.
You worshipped Makhleb.
Makhleb was most pleased with you.
You visited 2 branches of the dungeon, and saw 12 of its levels.
You also visited: Sewer and Gauntlet.

You collected 527 gold pieces.

Inventory:

Hand Weapons
 a - a +0 trident
 w - the +8 hammer of Karma (weapon) {vorpal, *Slow rF+ rC+ rCorr}
   (You found it on level 4 of the Dungeon)

   It inflicts extra damage upon your enemies.
   rF:        It protects you from fire.
   rC:        It protects you from cold.
   rCorr:     It protects you from acid and corrosion.
   *Slow:     It may slow you when you take damage.
 H - the +5 mace of Twilight {vorpal, rC- Str+9 Int+4 Dex-3}
   (You found it on level 7 of the Dungeon)

   It inflicts extra damage upon your enemies.
   Str:       It affects your strength (+9).
   Int:       It affects your intelligence (+4).
   Dex:       It affects your dexterity (-3).
   rC:        It makes you vulnerable to cold.
Missiles
 t - 2 boomerangs of dispersal (quivered)
 U - 4 javelins
Armour
 b - a +0 scale mail
 c - a +1 buckler (worn)
 x - a +0 cloak (worn)
 z - a +2 robe of cold resistance
 L - +0 steam dragon scales
 M - a +1 robe of the Archmagi
 P - +0 acid dragon scales
 T - +0 swamp dragon scales (worn)
Jewellery
 q - the ring "Xiguxt" {Fire rPois rN+ Will- Dex+3}
   (You found it in a Gauntlet)

   [ring of fire]

   It enhances your fire magic.
   Dex:       It affects your dexterity (+3).
   rF:        It protects you from fire.
   rC:        It makes you vulnerable to cold.
   rPois:     It protects you from poison.
   rN:        It protects you from negative energy.
   Will:      It decreases your willpower.
 u - an amulet of guardian spirit
 y - a +4 ring of protection (left hand)
 C - an amulet of the acrobat
 F - an amulet of reflection (around neck)
 K - the ring "Girphay" {Fly rF+ rC- Int+6}
   (You found it in a Gauntlet)

   [ring of intelligence]

   Int:       It affects your intelligence (+6).
   rF:        It protects you from fire.
   rC:        It makes you vulnerable to cold.
   Fly:       It grants you flight.
 X - a ring of flight
 Y - the ring of Division {Fly rCorr}
   (You found it in a Gauntlet)

   [ring of flight]

   Fly:       It grants you flight.
   rCorr:     It protects you from acid and corrosion.
Wands
 i - a wand of polymorph (5)
 j - a wand of charming (10)
 N - a wand of flame (19)
 R - a wand of roots (14)
 V - a wand of light (10)
Scrolls
 d - 4 scrolls of teleportation
 h - 2 scrolls of enchant armour
 o - 3 scrolls of enchant weapon
 s - 2 scrolls of immolation
 v - a scroll of torment {unknown}
 A - 3 scrolls of fear {unknown}
 B - 3 scrolls of magic mapping {unknown}
 D - 2 scrolls of noise
 J - a scroll of summoning {unknown}
 O - a scroll of poison
 Q - 2 scrolls of brand weapon {unknown}
 S - a scroll of blinking {unknown}
 W - a scroll of butterflies
Potions
 e - 3 potions of flight
 f - 3 potions of attraction
 g - 4 potions of curing
 k - 2 potions of mutation
 m - 5 potions of brilliance
 n - 2 potions of cancellation
 p - a potion of lignification
 r - a potion of resistance
 E - a potion of might
 I - 3 potions of haste
Miscellaneous
 G - a condenser vane (inert)


   Skills:
 + Level 9.5 Fighting
 + Level 6.8 Short Blades
 + Level 6.8 Long Blades
 + Level 6.8 Axes
 + Level 6.8 Maces & Flails
 + Level 8.3 Polearms
 + Level 6.8 Staves
 + Level 6.8 Ranged Weapons
 + Level 6.8 Throwing
 + Level 9.5 Armour
 + Level 6.8 Dodging
 + Level 6.8 Stealth
 + Level 9.5 Shields
 + Level 6.8 Unarmed Combat
 + Level 6.8 Spellcasting
 + Level 5.6 Conjurations
 + Level 5.6 Hexes
 + Level 5.6 Summonings
 + Level 5.6 Necromancy
 + Level 5.6 Translocations
 + Level 5.6 Transmutations
 + Level 5.6 Fire Magic
 + Level 5.6 Ice Magic
 + Level 5.6 Air Magic
 + Level 5.6 Earth Magic
 + Level 5.6 Poison Magic
 + Level 7.5 Invocations
 + Level 6.8 Evocations


You had 23 spell levels left.
You didn't know any spells.
Your spell library contained the following spells:

 Spells                   Type           Power      Damage    Failure   Level
 Necrotise                Necr           56%        1d6       3%          1
 Vampiric Draining        Necr           14%        2d7       11%         3
 Agony                    Necr           14%        N/A       69%         5


Dungeon Overview and Level Annotations

Branches:
Dungeon (11/15)            Temple (1/1) D:4            Lair (0/5) D:10
    Orc (0/2) D:10          Sewer (visited)         Gauntlet (1/1)

Altars:
Ashenzari
Cheibriados
Dithmenos
Elyvilon
Fedhas
Gozag
Hepliaklqana
Kikubaaqudgha
Makhleb
Nemelex Xobeh
Okawaru
Qazlal
Ru
Sif Muna
Trog
Uskayaw
Vehumet
Xom
Zin
The Shining One

Shops:
D:3 (

Annotations:
D:8 3 runed translucent doors, bchevrier's ghost, novice GnWn
D:9 3 runed translucent doors Gauntlet 8 transporters


Innate Abilities, Weirdness & Mutations

You have very sharp teeth.
Your uncanny sense of smell can sniff out nearby items.
Your experience applies equally to all skills.


Message History

Your smoke demon gestures at the minotaur.
The ball of steam hits the minotaur.
The minotaur hits your smoke demon!! The minotaur gores your smoke demon!!
Your smoke demon dies!
Your smoke demon disappears in a puff of smoke!
The minotaur bellows!
You sock the minotaur!
The minotaur is heavily wounded.
The minotaur barely misses you.
The minotaur gores you but does no damage.
The minotaur hits you!!
The minotaur gores you but does no damage.
Unknown command.
You barely miss the minotaur.
The minotaur is heavily wounded.
The minotaur hits you!
* * * LOW HITPOINT WARNING * * *
The minotaur gores you but does no damage.
Unknown command.
You feel much better.
The minotaur hits you but does no damage.
The minotaur gores you.
* * * LOW HITPOINT WARNING * * *
The minotaur hits you.
* * * LOW HITPOINT WARNING * * *
The minotaur gores you.
* * * LOW HITPOINT WARNING * * *
A demon appears!
You block the minotaur's attack. The minotaur gores you!
* * * LOW HITPOINT WARNING * * *
Okay, then.
You feel much better. The minotaur hits you.
* * * LOW HITPOINT WARNING * * *
The minotaur gores you.
* * * LOW HITPOINT WARNING * * *
The minotaur hits you!
* * * LOW HITPOINT WARNING * * *
You block the minotaur's attack. The minotaur attacks as you move away!
You block the minotaur's attack. The minotaur gores you.
You die...

###### ≈≈≈≈≈#
≈∩≈≈# ...≈ ###4###
#.@H..#
#######'#######
#.............#
#.###.###.###.#
#.###.###.###
#............
###.###.###.#
#####.###.###.####
#.................


You could see a minotaur (ally target) and a friendly hellwing (summoned).

Vanquished Creatures
  Pikel (D:9)
  A worldbinder (Gauntlet)
  An ugly thing (Gauntlet)
  A cyclops (D:9)
  An ice statue (D:9)
  Maggie (D:8)
  2 trolls
  Prince Ribbit (D:8)
  Sigmund (D:5)
  7 yaks
  A shadow (D:10)
  A vampire (D:9)
  2 wyverns
  A vampire mosquito (D:5)
  4 steam dragons (D:7)
  3 wargs (D:10)
  Edmund (D:5)
  A swamp worm (Gauntlet)
  An acid dragon (D:7)
  Duvessa (D:7)
  4 orc warriors
  4 ice beasts
  2 ogres
  A boggart (Gauntlet)
  2 centaurs
  4 phantoms
  4 kobold brigands
  6 bullfrogs
  A gnoll sergeant (D:10)
  A necrophage (D:7)
  4 scorpions
  Dowan (D:7)
  3 troll zombies (D:10)
  2 howler monkeys (D:9)
  4 hounds
  Crazy Yiuf (D:4)
  7 orc priests
  A jelly (D:5)
  3 iguanas
  13 orc wizards
  Terence (D:2)
  5 ogre zombies (D:10)
  3 gnolls (D:10)
  21 adders
  5 river rats (Sewer)
  2 shadow imps
  An ufetubus (D:4)
  4 worms
  3 dart slugs
  29 orcs
  5 ball pythons
  5 endoplasms
  5 giant cockroaches
  3 goblins
  3 hobgoblins
  4 jackals
  4 quokkas
  5 bats
  7 frilled lizards
  3 goblin skeletons (D:10)
  2 goblin zombies (D:10)
  2 hobgoblin skeletons (D:10)
  6 hobgoblin zombies (D:10)
  24 kobolds
  An orc skeleton (D:10)
  11 orc zombies (D:10)
  22 rats
287 creatures vanquished.

Vanquished Creatures (collateral kills)
  A glowing orange brain (Gauntlet)
  An ugly thing (Gauntlet)
  2 swamp worms (Gauntlet)
4 creatures vanquished.

Vanquished Creatures (others)
  2 kobolds
  2 fungi
  5 plants
9 creatures vanquished.

Grand Total: 300 creatures vanquished

Notes
Turn   | Place    | Note
-------+----------+-------------------------------------------
     0 | D:1      | hikkokomori the Gnoll Fighter began the quest for the Orb.
     0 | D:1      | Reached XP level 1. HP: 23/23 MP: 1/1
   210 | D:1      | Reached XP level 2. HP: 29/29 MP: 2/2
   678 | D:2      | Reached XP level 3. HP: 29/35 MP: 3/3
   729 | D:2      | Reached skill level 1 in Invocations
   888 | D:2      | Reached skill level 1 in Short Blades
   888 | D:2      | Reached skill level 1 in Long Blades
   888 | D:2      | Reached skill level 1 in Axes
   888 | D:2      | Reached skill level 1 in Maces & Flails
   888 | D:2      | Reached skill level 1 in Staves
   888 | D:2      | Reached skill level 1 in Ranged Weapons
   888 | D:2      | Reached skill level 1 in Throwing
   888 | D:2      | Reached skill level 1 in Dodging
   888 | D:2      | Reached skill level 1 in Stealth
   888 | D:2      | Reached skill level 1 in Unarmed Combat
   888 | D:2      | Reached skill level 1 in Spellcasting
   888 | D:2      | Reached skill level 1 in Evocations
   945 | D:2      | Reached XP level 4. HP: 28/41 MP: 5/5
  1171 | D:2      | Noticed Terence
  1194 | D:2      | Reached skill level 1 in Conjurations
  1194 | D:2      | Reached skill level 1 in Hexes
  1194 | D:2      | Reached skill level 1 in Summonings
  1194 | D:2      | Reached skill level 1 in Necromancy
  1194 | D:2      | Reached skill level 1 in Translocations
  1194 | D:2      | Reached skill level 1 in Transmutations
  1194 | D:2      | Reached skill level 1 in Fire Magic
  1194 | D:2      | Reached skill level 1 in Ice Magic
  1194 | D:2      | Reached skill level 1 in Air Magic
  1194 | D:2      | Reached skill level 1 in Earth Magic
  1194 | D:2      | Reached skill level 1 in Poison Magic
  1199 | D:2      | HP: 2/41 [Terence/+0 trident (5)]
  1204 | D:2      | Killed Terence
  1537 | D:3      | Reached XP level 5. HP: 39/47 MP: 5/7
  1735 | D:3      | Found Wonecitse's Weapon Shoppe.
  1735 | D:3      | You fall into a shaft and drop 3 floors!
  1950 | D:5      | Entered Level 5 of the Dungeon
  1979 | D:6      | HP: 1/47 [orc/+0 whip (3)]
  2099 | D:5      | Reached XP level 6. HP: 21/53 MP: 8/8
  2123 | D:5      | Noticed Sigmund
  2225 | D:5      | Noticed Edmund
  2265 | D:5      | Killed Edmund
  2266 | D:5      | Reached skill level 5 in Polearms
  2508 | D:4      | Found a glowing drain.
  2512 | Sewer    | Entered a sewer
  2522 | Sewer    | Reached XP level 7. HP: 59/59 MP: 10/10
  3250 | D:4      | Found a staircase to the Ecumenical Temple.
  3281 | Temple   | Entered the Ecumenical Temple
  3470 | Temple   | Became a worshipper of Makhleb the Destroyer
  3979 | D:4      | Identified the +8 hammer of Karma {vorpal, *Slow rF+ rC+
                  | rCorr}
  3982 | D:4      | Found a runed translucent door.
  3993 | D:4      | Noticed Crazy Yiuf
  3999 | D:4      | Killed Crazy Yiuf
  4640 | D:5      | Reached XP level 8. HP: 59/67 MP: 9/12
  4700 | D:5      | Killed Sigmund
  4773 | D:5      | Reached * piety under Makhleb
  5104 | D:5      | Found a sparkling altar of Nemelex Xobeh.
  5104 | D:5      | Found a transporter.
  5105 | D:5      | Noticed a troll
  5121 | D:5      | Killed a troll
  5356 | D:5      | Reached XP level 9. HP: 66/73 MP: 14/14
  5817 | D:6      | Found a broken altar of Ashenzari.
  5817 | D:6      | Found a faded altar of an unknown god.
  5824 | D:6      | Found a shimmering blue altar of Sif Muna.
  5826 | D:6      | Found a hazy altar of Hepliaklqana.
  5828 | D:6      | Found a faded altar of an unknown god.
  6397 | D:7      | Identified the +5 mace of Twilight {vorpal, rC- Str+9 Int+4
                  | Dex-3}
  6441 | D:7      | Found a stormy altar of Qazlal.
  6777 | D:7      | Found a shimmering altar of Xom.
  6784 | D:7      | Reached skill level 5 in Invocations
  6840 | D:7      | Noticed Duvessa
  6840 | D:7      | Noticed Dowan
  6855 | D:7      | Reached ** piety under Makhleb
  6861 | D:7      | Killed Duvessa
  6871 | D:7      | Killed Dowan
  7128 | D:7      | Reached skill level 5 in Short Blades
  7128 | D:7      | Reached skill level 5 in Long Blades
  7128 | D:7      | Reached skill level 5 in Axes
  7128 | D:7      | Reached skill level 5 in Maces & Flails
  7128 | D:7      | Reached skill level 5 in Staves
  7128 | D:7      | Reached skill level 5 in Ranged Weapons
  7128 | D:7      | Reached skill level 5 in Throwing
  7128 | D:7      | Reached skill level 5 in Dodging
  7128 | D:7      | Reached skill level 5 in Stealth
  7128 | D:7      | Reached skill level 5 in Unarmed Combat
  7128 | D:7      | Reached skill level 5 in Spellcasting
  7128 | D:7      | Reached skill level 5 in Evocations
  7128 | D:7      | Reached XP level 10. HP: 72/81 MP: 17/17
  7372 | D:8      | Noticed Maggie
  7400 | D:8      | Killed Maggie
  7763 | D:8      | Noticed Prince Ribbit
  7786 | D:8      | Killed Prince Ribbit
  7939 | D:8      | Found a glowing golden altar of the Shining One.
  8129 | D:8      | Found a runed translucent gate.
  8129 | D:8      | Found a runed translucent gate.
  8129 | D:8      | Found a runed translucent gate.
  8131 | D:8      | Noticed bchevrier's ghost (novice GnWn)
  8132 | D:8      | Noticed a kobold demonologist
  8416 | D:9      | Noticed Maurice
  8417 | D:9      | Maurice changed into Maurice the wyvern
  8417 | D:9      | Noticed Maurice
  8426 | D:9      | Killed Maurice the wyvern
  8440 | D:9      | Noticed Pikel
  8452 | D:9      | Killed Pikel
  8609 | D:9      | Found a runed translucent door.
  8622 | D:9      | Found a runed translucent door.
  8637 | D:9      | Found a runed translucent door.
  8654 | D:9      | Found a runed translucent door.
  9164 | D:9      | Noticed a cyclops
  9171 | D:9      | Killed a cyclops
  9235 | D:9      | HP: 2/82 [something (8)]
  9822 | D:9      | Noticed an ice statue
  9840 | D:9      | Killed an ice statue
  9882 | D:10     | Entered Level 10 of the Dungeon
  9942 | D:10     | Reached skill level 5 in Conjurations
  9942 | D:10     | Reached skill level 5 in Hexes
  9942 | D:10     | Reached skill level 5 in Summonings
  9942 | D:10     | Reached skill level 5 in Necromancy
  9942 | D:10     | Reached skill level 5 in Translocations
  9942 | D:10     | Reached skill level 5 in Transmutations
  9942 | D:10     | Reached skill level 5 in Fire Magic
  9942 | D:10     | Reached skill level 5 in Ice Magic
  9942 | D:10     | Reached skill level 5 in Air Magic
  9942 | D:10     | Reached skill level 5 in Earth Magic
  9942 | D:10     | Reached skill level 5 in Poison Magic
  9969 | D:10     | Reached XP level 11. HP: 69/89 MP: 20/20
 10108 | D:10     | Found a staircase to the Orcish Mines.
 10133 | D:10     | Reached *** piety under Makhleb
 10259 | D:10     | Found a staircase to the Lair.
 10673 | D:10     | Found an opulent altar of Gozag.
 11005 | D:10     | Reached **** piety under Makhleb
 11319 | D:11     | Found a gate leading to a gauntlet.
 11359 | D:11     | Noticed a six-headed hydra
 11361 | Gauntlet | Entered a Gauntlet
 11361 | Gauntlet | Found a transporter.
 11371 | Gauntlet | Noticed a worldbinder
 11382 | Gauntlet | Found a transporter.
 11384 | Gauntlet | Found a transporter.
 11404 | Gauntlet | Found a transporter.
 11405 | Gauntlet | Found a transporter.
 11406 | Gauntlet | Noticed a white ugly thing
 11407 | Gauntlet | Noticed a white ugly thing
 11411 | Gauntlet | Noticed a glowing orange brain
 11419 | Gauntlet | Found a transporter.
 11433 | Gauntlet | Noticed a sixfirhy
 11436 | Gauntlet | Found a transporter.
 11436 | Gauntlet | Noticed a sixfirhy
 11436 | Gauntlet | Noticed a sixfirhy
 11440 | Gauntlet | Noticed a sixfirhy
 11444 | Gauntlet | Noticed a death yak
 11445 | Gauntlet | Noticed a death yak
 11445 | Gauntlet | Noticed a death yak
 11445 | Gauntlet | Noticed a death yak
 11446 | Gauntlet | Found a transporter.
 11446 | Gauntlet | Noticed a death yak
 11451 | Gauntlet | Found a transporter.
 11452 | Gauntlet | Found a transporter.
 11476 | Gauntlet | Found a transporter.
 11478 | Gauntlet | Noticed a hell beast
 11491 | Gauntlet | Found a transporter.
 11501 | Gauntlet | Found a transporter.
 11506 | Gauntlet | Found a transporter.
 11558 | Gauntlet | Noticed a manticore
 11558 | Gauntlet | Noticed a merfolk aquamancer
 11560 | Gauntlet | Killed a worldbinder
 11568 | Gauntlet | Identified the ring "Xiguxt" {Fire rPois rN+ Will- Dex+3}
 11593 | Gauntlet | HP: 1/89 [swamp worm (17)]
 11607 | Gauntlet | Identified the ring "Girphay" {Fly rF+ rC- Int+6}
 11880 | Gauntlet | Identified the ring of Division {Fly rCorr}
 11884 | Gauntlet | Killed a cyan ugly thing
 11898 | Gauntlet | Killed a glowing orange brain
 11900 | Gauntlet | Killed a green ugly thing
 11942 | Gauntlet | Noticed a minotaur
 11959 | Gauntlet | HP: 4/89 [minotaur (8)]
 11960 | Gauntlet | HP: 1/89 [minotaur (15)]
 11961 | Gauntlet | Slain by a minotaur

Illustrated notes

Levels and vault maps discovered:
D:1:      matt_arrival_diagonals, layout_basic
D:2:      layout_rooms, uniq_terence
D:3:      minmay_razor_zed, layout_basic, dk_yredelemnul_ordeal, serial_shops,
          nicolae_diamond_shop, kennysheep_another_room, minmay_circle_x
D:4:      layout_basic, minmay_temple_entry_large_hall, gup_sewer_entry_bowl,
          uniq_crazy_yiuf_cottage
D:5:      layout_basic, grunt_nemelex_the_gamble, grunt_ministairs_15,
          uniq_edmund, uniq_sigmund
D:6:      layout_basic, chequers_temple_overflow_minitemple,
          serial_co_window_serial, co_window_paths_b, co_window_paths_a,
          co_window_paths_b, co_window_of_opportunity_a,
          co_window_of_opportunity_a, co_window_of_opportunity_b,
          co_window_unsneaky_path_e, co_window_corner_b,
          co_window_unsneaky_path_c, co_window_broadway_c, co_window_cross_4,
          co_window_corner_b, co_window_4corner_b, co_window_paths_e,
          glass_columns_a, nrook_campfire, grunt_ministairs_7,
          supply_closet_lemuel, kennysheep_generic_room_5
D:7:      layout_gridville, mainiacjoe_overflow_catch_the_wave, uniq_duvessa
D:8:      layout_loops_ring, mainiacjoe_overflow_chevrons,
          gammafunk_ghost_nasty_kobolds, uniq_maggie, uniq_prince_ribbit1
D:9:      layout_roguey, minmay_statue_crystal_thing, uniq_maurice, uniq_pikel
D:10:     layout_loops_ring, mainiacjoe_overflow_concentric_impassable,
          erik_lair_orcish_takeover, zombieorc2_lemuel
D:11:     hangedman_cross_veins, layout_basic, hellmonk_ghost_happy_afterlife,
          gauntlet_entry_generic
Temple:   compressed_dpeg_triangle_lava_temple
Gauntlet: minmay_gauntlet_77_tree [minmay_gauntlet_arena_77_squiggly,
          minmay_gauntlet_arena_77_museum,
          minmay_gauntlet_arena_77_chump_sandwich,
          minmay_gauntlet_arena_77_braids, minmay_gauntlet_arena_77_mess,
          minmay_gauntlet_arena_77_checkered,
          minmay_gauntlet_arena_77_hold_the_fort, gauntlet_exit_watery]

Skill      XL: |  1  2  3  4  5  6  7  8  9 10 11 |
---------------+----------------------------------+-----
Invocations    | 1 2 3 4 5 6 7 |  7.5
Short Blades   | 1 2 3 5 6 |  6.8
Long Blades    | 1 2 3 5 6 |  6.8
Axes           | 1 2 3 5 6 |  6.8
Maces & Flails | 1 2 3 5 6 |  6.8
Staves         | 1 2 3 5 6 |  6.8
Ranged Weapons | 1 2 3 5 6 |  6.8
Throwing       | 1 2 3 5 6 |  6.8
Dodging        | 1 2 3 5 6 |  6.8
Stealth        | 1 2 3 5 6 |  6.8
Unarmed Combat | 1 2 3 5 6 |  6.8
Spellcasting   | 1 2 3 5 6 |  6.8
Evocations     | 1 2 3 5 6 |  6.8
Conjurations   | 1 2 3 4 5 |  5.6
Hexes          | 1 2 3 4 5 |  5.6
Summonings     | 1 2 3 4 5 |  5.6
Necromancy     | 1 2 3 4 5 |  5.6
Translocations | 1 2 3 4 5 |  5.6
Transmutations | 1 2 3 4 5 |  5.6
Fire Magic     | 1 2 3 4 5 |  5.6
Ice Magic      | 1 2 3 4 5 |  5.6
Air Magic      | 1 2 3 4 5 |  5.6
Earth Magic    | 1 2 3 4 5 |  5.6
Poison Magic   | 1 2 3 4 5 |  5.6
Polearms       | 5 6 7 8 |  8.3
Fighting       | 7 8 9 |  9.5
Armour         | 7 8 9 |  9.5
Shields        | 7 8 9 |  9.5

Action                   |  1- 3 |  4- 6 |  7- 9 | 10-12 || total
-------------------------+-------+-------+-------+-------++-------
Melee: Trident           |   104 |   242 |   177 |       ||   523
       Bite              |     8 |    19 |    26 |    52 ||   105
       Mace              |       |       |   212 |   464 ||   676
Throw: Javelin           |       |       |       |     1 ||     1
Invok: Lesser Servant of |       |       |       |     4 ||     4
Evoke: Wand              |       |       |       |     1 ||     1
       Condenser vane    |       |       |       |     1 ||     1
  Use: Potion            |       |     5 |       |     8 ||    13
       Scroll            |       |     5 |     2 |    12 ||    19
 Stab: Sleeping          |       |       |       |     3 ||     3
       Invisible         |       |       |       |     1 ||     1
Armor: Scale mail        |    43 |   133 |   154 |       ||   330
       Swamp dragon scal |       |       |       |   170 ||   170
       Acid dragon scale |       |       |       |    37 ||    37
Dodge: Dodged            |    38 |   136 |   148 |   199 ||   521
Block: Buckler           |    19 |    82 |   119 |   287 ||   507
       Reflection        |       |       |     2 |     9 ||    11

Table legend: (Time is in decaauts)
 A = Elapsed time spent in this place.
 B = Non-inter-level travel time spent in this place.
 C = Inter-level travel time spent in this place.
 D = Time resting spent in this place.
 E = Time spent auto-exploring this place.
 F = Levels seen in this place.
 G = Mean time per level.
                   A        B        C        D        E       F      G
               +--------+--------+--------+--------+--------+-----+--------+
         Total |  12180 |  11913 |    267 |   1653 |   7169 |  14 |  870.0 |
       Dungeon |  10613 |  10358 |    255 |   1139 |   6717 |  11 |  964.8 |
        Temple |    203 |    191 |     12 |    146 |      0 |   1 |  203.0 |
         Sewer |    754 |    754 |      0 |     94 |    431 |   1 |  754.0 |
      Gauntlet |    608 |    608 |      0 |    274 |     20 |   1 |  608.0 |
               +--------+--------+--------+--------+--------+-----+--------+

Top non-repeatable levels by time:
    D:10: 1435 daAuts
     D:8: 1344 daAuts
     D:6: 1324 daAuts
     D:4: 1278 daAuts
     D:7: 1238 daAuts
     D:5: 1173 daAuts
     D:9: 984 daAuts
   Sewer: 754 daAuts
     D:2: 720 daAuts
     D:1: 673 daAuts
Gauntlet: 608 daAuts
     D:3: 362 daAuts
  Temple: 203 daAuts
    D:11: 77 daAuts
